AoeStats
← 236223212

Black Forest

509305308Analyzed
4v4 RM · 8d ago on Sep 26, 2026· 59m 11s· 8 players
Game mode
Random Map
Map size
Large (8 player)
Population
200
Speed
Normal
Resources
Standard
Victory
Conquest
Starting age
Dark Age
Ending age
Imperial Age
RankedLock teamsTeams togetherTeam positionsShared explorationLock speedFull tech treeHidden civsTurbo modeCheats
Victory
Defeat
🇲🇽 Italians · Mexico
1173
+16
🇮🇳 Britons · India
1159
+16
🇨🇳 Khmer · China
1114
+18
🇨🇳 Franks · China
1109
+19
🇺🇸 Persians · United States
1350
-25
🇩🇪 Britons · Germany
1132
-16
🇦🇺 Chinese · Australia
1095
-14
🇷🇺 Sicilians · Russia
1094
-14
b² - 4ac
4:54 Loom
13:19 Feudal Age
17:34 Castle Age
15:50 Double-Bit Axe
31:04 Bow Saw
31:32 Wheelbarrow
31:33 Scale Mail Armor
31:18 Pikeman
31:58 Squires
33:10 Hand Cart
36:16 Imperial Age
37:50 Town Watch
38:35 Chain Mail Armor
38:30 Forging
42:21 Plate Mail Armor
42:01 Forging
42:25 Conscription
44:42 Fletching
44:52 Padded Archer Armor
45:02 Forging
44:37 Elite Skirmisher
45:53 Bodkin Arrow
46:13 Leather Archer Armor
46:57 Horse Collar
48:20 Two-Man Saw
47:43 Bracer
48:14 Ring Archer Armor
47:54 Gold Mining
50:06 Heavy Plow
50:09 Town Patrol
50:30 Thumb Ring
52:20 Chemistry
51:40 Ballistics
52:10 Arson
54:54 Iron Casting
59:14 Masonry
58:45 Treadmill Crane
MAND_Dã quỳ
1:15 Loom
12:04 Feudal Age
12:42 Double-Bit Axe
18:59 Castle Age
17:03 Stone Mining
17:26 Gold Mining
20:42 Bow Saw
22:56 Fletching
24:15 Bodkin Arrow
25:37 Fortified Wall
25:56 Padded Archer Armor
28:22 Horse Collar
32:07 Imperial Age
30:47 Heavy Plow
31:05 Leather Archer Armor
32:23 Elite Longbowman
33:27 Conscription
33:46 Ballistics
34:20 Bracer
35:24 Ring Archer Armor
36:35 Yeomen
36:44 Yeomen
236223212
1:11 Loom
11:49 Feudal Age
17:09 Castle Age
15:32 Double-Bit Axe
18:43 Bow Saw
19:48 Stone Mining
24:01 Wheelbarrow
26:59 Gold Mining
27:31 Hand Cart
28:18 Gold Shaft Mining
33:02 Imperial Age
31:56 Husbandry
32:23 Forging
32:19 Scale Barding Armor
32:18 Caravan
33:02 Pikeman
33:07 Cavalier
35:13 Chemistry
34:33 Ballistics
33:55 Treadmill Crane
34:25 Masonry
34:49 Paladin
36:34 Conscription
36:56 Chain Barding Armor
37:12 Iron Casting
37:01 Town Watch
37:24 Scale Mail Armor
36:53 Elite Throwing Axeman
39:01 Plate Barding Armor
40:34 Blast Furnace
39:35 Scale Mail Armor
48:50 Chain Mail Armor
48:36 Padded Archer Armor
48:26 Fletching
50:11 Light Cavalry
51:28 Plate Mail Armor
51:13 Leather Archer Armor
50:54 Bodkin Arrow
53:22 Halberdier
54:03 Squires
53:49 Gambesons
53:49 Arson
電動遊戯
6:33 Loom
11:37 Feudal Age
14:10 Wheelbarrow
16:46 Castle Age
14:34 Double-Bit Axe
14:44 Horse Collar
20:53 Fervor
26:15 Bow Saw
29:20 Stone Mining
31:42 Hand Cart
32:16 Stone Shaft Mining
31:52 Heavy Plow
32:23 Bloodlines
32:14 Husbandry
35:23 Imperial Age
33:08 Town Watch
33:53 Gold Mining
34:20 Caravan
34:39 Light Cavalry
35:32 Fortified Wall
35:42 Ballistics
35:18 Murder Holes
35:33 Masonry
35:27 Town Patrol
36:32 Coinage
36:39 Crop Rotation
36:31 Conscription
35:32 Elite Ballista Elephant
36:25 Double Crossbow
36:34 Fletching
36:57 Siege Engineers
37:58 Chemistry
37:07 Scale Barding Armor
37:30 Hussar
38:09 Bodkin Arrow
38:34 Chain Barding Armor
38:13 Murder Holes
38:29 Masonry
39:36 Hoardings
39:20 Bracer
39:40 Forging
39:31 Scale Mail Armor
40:10 Gold Shaft Mining
41:19 Plate Barding Armor
43:42 Iron Casting
43:22 Chain Mail Armor
45:23 Banking
47:17 Blast Furnace
45:44 Capped Ram
46:34 Elite Battle Elephant
46:42 Siege Ram
51:00 Architecture
52:05 Devotion
52:26 Sanctity
52:16 Redemption
55:59 Padded Archer Armor
Auto Horse
7:00 Loom
11:33 Feudal Age
12:22 Horse Collar
15:09 Castle Age
13:10 Double-Bit Axe
15:36 Scale Barding Armor
15:44 Bloodlines
20:37 Bloodlines
24:14 Chain Barding Armor
24:40 Gold Mining
29:21 Gold Shaft Mining
29:01 Bow Saw
31:44 Imperial Age
30:05 Wheelbarrow
29:15 Town Watch
30:11 Forging
31:02 Husbandry
31:23 Cavalier
34:31 Plate Barding Armor
34:24 Savar
36:09 Gold Shaft Mining
38:07 Iron Casting
41:02 Blast Furnace
40:19 Light Cavalry
42:23 Two-Man Saw
41:41 Caravan
42:00 Hussar
47:40 Heavy Camel Rider
Shivers
0:54 Loom
12:04 Feudal Age
17:58 Castle Age
18:09 Double-Bit Axe
23:50 Imperial Age
22:08 Horse Collar
22:34 Gold Mining
23:18 Bow Saw
26:03 Gold Shaft Mining
25:19 Stone Mining
27:17 Wheelbarrow
27:02 Caravan
29:20 Stone Shaft Mining
28:46 Fletching
28:57 Padded Archer Armor
29:51 Masonry
32:56 Conscription
32:49 Great Wall
33:45 Ballistics
34:09 Architecture
35:13 Leather Archer Armor
36:22 Two-Man Saw
36:14 Heavy Plow
36:05 Town Watch
40:03 Guard Tower
41:14 Chemistry
40:28 Fortified Wall
40:36 Murder Holes
41:19 Keep
40:32 Arrowslits
40:39 Elite Chu Ko Nu
42:03 Bodkin Arrow
42:39 Ring Archer Armor
45:30 Elite Fire Lancer
46:12 Squires
45:58 Arson
48:40 Scale Mail Armor
48:51 Forging
52:50 Crossbowman
53:36 Thumb Ring
55:02 Arbalester
58:56 Bracer
DM
8:15 Loom
10:52 Feudal Age
16:10 Castle Age
16:35 Double-Bit Axe
24:31 Fishing Lines
26:16 Bow Saw
25:50 Horse Collar
26:42 Gillnets
27:05 Gold Mining
28:19 Stone Mining
29:04 Gold Shaft Mining
30:19 Wheelbarrow
29:31 Town Watch
29:38 Fletching
29:49 Padded Archer Armor
30:13 Horse Collar
31:06 Ballistics
33:19 Imperial Age
32:31 Hand Cart
32:12 Bodkin Arrow
32:33 Leather Archer Armor
32:30 Scale Barding Armor
32:37 Forging
33:12 Heavy Plow
33:50 Stone Shaft Mining
33:46 Town Patrol
34:45 Chain Barding Armor
35:01 Iron Casting
34:36 Caravan
35:07 Coinage
34:53 Guilds
35:09 Bodkin Arrow
35:30 Leather Archer Armor
34:48 Cavalier
35:28 Husbandry
35:38 Bloodlines
35:50 Conscription
37:06 Plate Barding Armor
36:32 Bracer
37:05 Crop Rotation
39:33 Blast Furnace
38:36 Scale Mail Armor
39:55 Onager
41:54 Chain Mail Armor
42:44 Light Cavalry
44:50 Murder Holes
45:56 Chemistry
46:39 Plate Mail Armor
46:15 Pikeman
46:56 Squires
46:42 Arson
46:43 Gambesons
47:01 Halberdier
51:00 Elite Skirmisher
53:11 Hoardings
53:10 Siege Engineers
53:15 Masonry
Dinotrex5989
0:50 Loom
12:43 Feudal Age
14:59 Double-Bit Axe
15:54 Horse Collar
22:49 Fletching
25:30 Castle Age
23:50 Fishing Lines
27:11 Bow Saw
31:00 Imperial Age
28:55 Gillnets
30:04 Gold Mining
30:53 Heavy Plow
33:56 Wheelbarrow
35:27 Ballistics
37:50 Warwolf
38:07 Town Watch
38:38 Hand Cart
39:37 Padded Archer Armor
39:33 Bodkin Arrow
40:43 Leather Archer Armor
40:29 Bracer
41:06 Conscription
42:16 Chemistry
41:31 Caravan
45:41 Ring Archer Armor
45:23 Masonry
46:04 Crossbowman
48:39 Siege Engineers
48:37 Scale Mail Armor
48:47 Forging
50:33 Chain Mail Armor
50:53 Iron Casting
51:02 Onager
52:20 Yeomen
51:41 Elite Skirmisher
53:55 Arbalester
54:50 Capped Ram
55:17 Elite Longbowman
Connection lost

Rejoining the realm…

Still unreachable

The connection could not be restored.

Session expired

The server has moved on; the page needs a fresh start.